 Dungeon Crawl Stone Soup version 0.29-a0-468-ge57f7f99b4 (webtiles) character file.

Game seed: 17766647675556268361

2942 bladeefan the Fighter (level 9, 0/86 HPs)
             Began as a Hill Orc Monk on May 21, 2022.
             Was a Believer of Beogh.
             Slain by a yak (3 damage)
             ... on level 8 of the Dungeon.
             The game lasted 00:14:48 (10756 turns).

bladeefan the Fighter (Hill Orc Monk)              Turns: 10756, Time: 00:14:48

Health: 0/86       AC: 12    Str: 18    XL:     9   Next: 80%
Magic:  9/9        EV:  6    Int: 10    God:    Beogh [**....]
Gold:   561        SH:  0    Dex: 13    Spells: 8/8 levels left

rFire   . . .      SeeInvis .   a - +1 hand axe
rCold   . . .      Faith    .   (no shield)
rNeg    . . .      Spirit   .   z - +0 plate armour
rPois   +          Reflect  .   u - +0 hat
rElec   .          Harm     .   (no cloak)
rCorr   +          Rampage  .   (no gloves)
Will    .....                   r - +0 pair of boots
Stlth   ..........              p - amulet of the acrobat
HPRegen 0.24/turn               g - ring of poison resistance
MPRegen 0.11/turn               D - ring of resist corrosion

@: no status effects
A: no striking features
a: Renounce Religion, Smiting


You were on level 8 of the Dungeon.
You worshipped Beogh.
Beogh was pleased with you.
You visited 1 branch of the dungeon, and saw 8 of its levels.
You also visited: Ossuary.

You collected 561 gold pieces.

Inventory:

Hand Weapons
 a - a +1 hand axe (weapon)
 m - a +1 flail of protection
   (You found it on level 5 of the Dungeon)
Armour
 r - a +0 pair of boots (worn)
   (You found it on level 3 of the Dungeon)
 u - a +0 hat (worn)
   (You found it on level 3 of the Dungeon)
 x - the +0 ring mail of Gyarchion {rElec rC++ Dex-3 Stlth+}
   (You found it on level 4 of the Dungeon)

   Dex:       It affects your dexterity (-3).
   rC:        It greatly protects you from cold.
   rElec:     It insulates you from electricity.
   Stlth:     It makes you more stealthy.
 z - a +0 plate armour (worn)
   (You found it on level 5 of the Dungeon)
Jewellery
 g - a ring of poison resistance (left hand)
   (You found it on level 1 of the Dungeon)
 o - a ring of willpower
   (You found it on level 2 of the Dungeon)
 p - an amulet of the acrobat (around neck)
   (You found it on level 5 of the Dungeon)
 D - a ring of resist corrosion (right hand)
   (You found it on level 7 of the Dungeon)
Scrolls
 d - 2 scrolls of poison
 f - a scroll of acquirement {unknown}
 j - a scroll of enchant weapon
 l - 2 scrolls of summoning
 n - a scroll of vulnerability {unknown}
 q - 2 scrolls of immolation {unknown}
 s - a scroll of noise {unknown}
 t - 2 scrolls of amnesia {unknown}
 v - 3 scrolls of blinking
 y - a scroll of teleportation {@r4}
 B - 2 scrolls of fog {unknown}
 G - a scroll of magic mapping
 H - a scroll of enchant armour {unknown}
Potions
 b - a potion of flight {unknown}
 c - 3 potions of ambrosia
 e - a potion of attraction {unknown}
 h - a potion of magic
 i - 2 potions of mutation {unknown}
 k - 3 potions of haste {@q3}
 w - 2 potions of berserk rage {unknown}
 A - 2 potions of lignification {unknown}
 C - a potion of invisibility {unknown}
 E - a potion of curing {@q1}


   Skills:
 * Level 10.9 Fighting
 + Level 9.0 Axes
 + Level 2.7 Armour
 - Level 5.0 Dodging
 - Level 5.0 Stealth


You had 8 spell levels left.
You didn't know any spells.
Your spell library contained the following spells:

 Spells                   Type           Power      Damage    Failure   Level
 Sting                    Tmut/Pois      0%         1d3       100%        1
 Poisonous Vapours        Pois/Air       0%         N/A       100%        2
 Olgreb's Toxic Radiance  Pois           0%         N/A       100%        4


Dungeon Overview and Level Annotations

Branches:
Dungeon (8/15)             Temple (0/1) D:6         Ossuary (visited)
   Lair: D:8-11

Altars:
Dithmenos
Hepliaklqana
Makhleb
Qazlal
Trog
Uskayaw
Vehumet
Xom
Zin

Shops:
D:1 :*:[


Message History

The yak gores you but does no damage.
You hit the yak. x2
You hit the yak but do no damage. You hit the yak. The yak gores you!
The yak barely misses you.
You hit the yak. You hit the yak but do no damage. The yak gores you.
The yak gores you!
* * * LOW HITPOINT WARNING * * *
The yak attacks as you move away! The yak gores you!
* * * LOW HITPOINT WARNING * * *
The yak attacks as you move away! The yak misses you.
Unknown command.
There is a stone staircase leading down here.
The yak attacks as you move away! The yak closely misses you.
You slash the yak!
You kill the yak!
Beogh accepts your kill.
You hit the yak. The yak gores you but does no damage.
You barely miss the yak. The yak closely misses you.
You hit the yak but do no damage. You punch the yak, but do no damage.
The yak barely misses you.
You barely miss the yak. The yak gores you but does no damage.
You hit the yak. The yak gores you!
* * * LOW HITPOINT WARNING * * *
You feel much better. The yak gores you but does no damage.
You closely miss the yak. You barely miss the yak. The yak gores you!
* * * LOW HITPOINT WARNING * * *
You hit the yak. The yak gores you.
* * * LOW HITPOINT WARNING * * *
You slash the yak! The yak gores you.
* * * LOW HITPOINT WARNING * * *
You hit the yak.
You kill the yak!
Beogh accepts your kill.
Your Axes skill increases to level 9!
You hit the yak. The yak gores you but does no damage.
Unknown command.
You slash the yak! The yak gores you but does no damage.
Unknown command.
You slash the yak! The yak gores you!
* * * LOW HITPOINT WARNING * * *
You slash the yak! The yak completely misses you.
Unknown command.
You closely miss the yak. You slash the yak! The yak gores you.
* * * LOW HITPOINT WARNING * * *
You hit the yak but do no damage. The yak gores you!
* * * LOW HITPOINT WARNING * * *
You hit the yak but do no damage. The yak gores you.
You die...

....#..#..##....)...#
....##.#.....#.....##
######......##.....#
....##..###.##..<..#
##..#..####.#####.##
##..........# #..#
#..........# #.##
#..........# #.#
#..#.......###@#
#...........##Y#
#.##.........#.#
#..#...........#
...........#...#
..###...##.##
###.##..Y.#
....###...# .... ...#


You could see a yak.

Vanquished Creatures
  A wyvern (D:8)
  2 yaks (D:8)
  2 steam dragons (D:6)
  A water moccasin (D:5)
  Duvessa (D:4)
  An orc warrior (D:6)
  A black bear (D:5)
  2 sky beasts
  A phantom (D:7)
  An elf zombie (Ossuary)
  A kobold brigand (D:7)
  4 bullfrogs (D:7)
  A gnoll sergeant (D:6)
  3 necrophages
  2 scorpions
  3 wights (D:6)
  A howler monkey (D:5)
  A centaur zombie (Ossuary)
  A jelly (D:7)
  A hound (D:6)
  An orc priest (D:6)
  An orc wizard (D:6)
  5 iguanas
  2 mummies (Ossuary)
  8 gnolls
  10 adders
  A shadow imp (D:5)
  3 white imps
  2 ufetubi
  3 worms
  2 dart slugs
  19 orcs
  4 ball pythons
  4 bats
  12 endoplasms
  2 giant cockroaches
  5 goblins
  9 hobgoblins
  4 jackals
  11 kobolds
  5 quokkas
  6 frilled lizards
  A goblin zombie (Ossuary)
  10 hobgoblin zombies (Ossuary)
  3 jackal zombies (Ossuary)
  9 kobold zombies (Ossuary)
  9 orc zombies (Ossuary)
  7 rats
  2 rat zombies (Ossuary)
191 creatures vanquished.

Vanquished Creatures (collateral kills)
  Dowan (D:4)
1 creature vanquished.

Vanquished Creatures (others)
  3 orcs (D:5)
3 creatures vanquished.

Grand Total: 195 creatures vanquished

Notes
Turn   | Place    | Note
-------+----------+-------------------------------------------
     0 | D:1      | bladeefan the Hill Orc Monk began the quest for the Orb.
     0 | D:1      | Reached XP level 1. HP: 19/19 MP: 1/1
   183 | D:1      | Reached XP level 2. HP: 17/27 MP: 2/2
   480 | D:1      | Reached skill level 4 in Fighting
   540 | D:1      | Found Narewone's Book Boutique.
   584 | D:1      | Found Fokkiq's Book Boutique.
   598 | D:1      | Found Cuerur's Assorted Antiques.
   930 | D:1      | Found Yqanay's Antique Armour Shoppe.
  1327 | D:1      | Reached XP level 3. HP: 23/33 MP: 3/3
  2001 | D:2      | Reached XP level 4. HP: 24/41 MP: 4/4
  2670 | D:2      | Reached skill level 5 in Fighting
  2827 | D:3      | Reached XP level 5. HP: 48/48 MP: 5/5
  3109 | D:3      | Reached skill level 5 in Axes
  3729 | D:4      | Reached XP level 6. HP: 47/57 MP: 6/6
  3781 | D:4      | Identified the +0 ring mail of Gyarchion {rElec rC++ Dex-3
                  | Stlth+}
  4195 | D:4      | Found a shimmering altar of Xom.
  4267 | D:5      | Entered Level 5 of the Dungeon
  4268 | D:5      | Noticed Dowan
  4268 | D:5      | Noticed Duvessa
  4297 | D:4      | Reached skill level 6 in Fighting
  4515 | D:4      | Killed Duvessa
  4517 | D:4      | Killed Dowan
  4518 | D:4      | Reached XP level 7. HP: 46/64 MP: 7/7
  4613 | D:5      | Found a radiant altar of Vehumet.
  5153 | D:5      | Became a worshipper of Beogh the Brigand
  5153 | D:5      | Reached * piety under Beogh
  5153 | D:5      | Reached ** piety under Beogh
  5174 | D:5      | Reached skill level 7 in Fighting
  5577 | D:5      | Found a hide-covered altar of Uskayaw.
  5878 | D:6      | Found a sand-covered staircase.
  5886 | Ossuary  | Entered an ossuary
  6068 | Ossuary  | Reached XP level 8. HP: 52/73 MP: 8/8
  6083 | Ossuary  | Reached *** piety under Beogh
  6417 | D:6      | Found a stormy altar of Qazlal.
  6586 | D:6      | Found a glowing silver altar of Zin.
  6611 | D:6      | Reached skill level 8 in Fighting
  7556 | D:6      | HP: 3/74 [steam dragon (5)]
  7922 | D:6      | Reached skill level 9 in Fighting
  8255 | D:6      | Found a staircase to the Ecumenical Temple.
  8301 | D:6      | Reached XP level 9. HP: 47/83 MP: 9/9
  9326 | D:7      | Reached skill level 5 in Dodging
  9326 | D:7      | Reached skill level 5 in Stealth
  9526 | D:7      | Found a burning altar of Makhleb.
  9606 | D:7      | Found a shadowy altar of Dithmenos.
  9617 | D:7      | Found a hazy altar of Hepliaklqana.
  9755 | D:7      | Found a bloodstained altar of Trog.
  9779 | D:7      | Reached skill level 10 in Fighting
  9801 | D:7      | Reached skill level 1 in Armour
 10755 | D:8      | HP: 3/86 [yak (8)]
 10756 | D:8      | Slain by a yak

Illustrated notes

Levels and vault maps discovered:
D:1:      wander_arrival_lonely_grave, layout_basic, serial_shops,
          nicolae_shop_crystal, shop, nicolae_shop_stone, nicolae_shop_trees,
          minmay_tromino_i2
D:2:      layout_rooms, amethyst_killhole, grunt_ministairs_1
D:3:      layout_rooms
D:4:      layout_basic, xom_teletrap_fun
D:5:      layout_basic, nicolae_uskayaw_suspiria, amcnicky_altar_gilded,
          uniq_duvessa
D:6:      cheibrodos_steamvent, layout_loops_corners,
          mainiacjoe_overflow_brackets, nicolae_qazlal_general_emergency,
          minmay_temple_entry_stoned_glass, nicolae_ossuary_entry_monument
D:7:      layout_basic, riverfiend_overflow_shadow_ancestor,
          lemuel_doored_altar, mainiacjoe_overflow_concentric_impassable
D:8:      layout_rooms, minmay_fire_ice_demons

Skill      XL: |  1  2  3  4  5  6  7  8  9 |
---------------+----------------------------+-----
Fighting       | 4 5 6 7 9 10 | 10.9
Stealth        | 2 3 4 5 |  5.0
Dodging        | 3 4 5 |  5.0
Axes           | 5 6 7 9 |  9.0
Armour         | 2 |  2.7

Action                   |  1- 3 |  4- 6 |  7- 9 || total
-------------------------+-------+-------+-------++-------
Melee: Hand axe          |   111 |   194 |   565 ||   870
       Punch             |       |     1 |    13 ||    14
Invok: Convert to Beogh  |       |       |     1 ||     1
       Smiting           |       |       |     8 ||     8
  Use: Scroll            |     6 |     3 |     3 ||    12
       Potion            |       |     4 |     8 ||    12
 Stab: Sleeping          |     4 |     2 |       ||     6
Armor: Robe              |    19 |     3 |       ||    22
       Ring mail         |       |    16 |       ||    16
       Chain mail        |       |    59 |    36 ||    95
       Plate armour      |       |       |   307 ||   307
Dodge: Dodged            |    67 |   100 |   169 ||   336

Table legend: (Time is in decaauts)
 A = Elapsed time spent in this place.
 B = Non-inter-level travel time spent in this place.
 C = Inter-level travel time spent in this place.
 D = Time resting spent in this place.
 E = Time spent auto-exploring this place.
 F = Levels seen in this place.
 G = Mean time per level.
                   A        B        C        D        E       F      G
               +--------+--------+--------+--------+--------+-----+--------+
         Total |  10745 |  10539 |    206 |   1726 |   6960 |   9 | 1193.9 |
       Dungeon |  10282 |  10076 |    206 |   1726 |   6659 |   8 | 1285.2 |
       Ossuary |    463 |    463 |      0 |      0 |    301 |   1 |  463.0 |
               +--------+--------+--------+--------+--------+-----+--------+

Top non-repeatable levels by time:
     D:6: 2927 daAuts
     D:1: 1492 daAuts
     D:2: 1303 daAuts
     D:5: 1248 daAuts
     D:7: 1037 daAuts
     D:4: 947 daAuts
     D:3: 875 daAuts
 Ossuary: 463 daAuts
     D:8: 449 daAuts
